 Dungeon Crawl Stone Soup version 0.28-a0-1199-gef9e1dbd39 (webtiles) character file.

Game seed: 11206675310751319487

280 Gargoyl the Skirmisher (level 6, -1/53 HPs)
             Began as a Gnoll Abyssal Knight on Dec 19, 2021.
             Was a Believer of Lugonu.
             Slain by a scorpion (3 damage)
             ... on level 4 of the Dungeon.
             The game lasted 00:03:36 (3490 turns).

Gargoyl the Skirmisher (Gnoll Abyssal Knight)       Turns: 3490, Time: 00:03:36

Health: -1/53      AC: 12    Str: 15      XL:     6   Next: 27%
Magic:  9/9        EV:  5    Int:  8 (9)  God:    Lugonu [**....]
Gold:   172        SH:  0    Dex: 14      Spells: 8/8 levels left

rFire   . . .      SeeInvis .   a - +1 hand axe
rCold   . . .      Faith    .   (no shield)
rNeg    . . .      Spirit   .   c - +0 plate armour
rPois   .          Reflect  .   (no helmet)
rElec   .          Harm     .   (no cloak)
rCorr   .          Rampage  .   (no gloves)
Will    .....      Clarity  +   (no boots)
Stlth   ..........              (no amulet)
HPRegen 0.17/turn               (no ring)
MPRegen 0.11/turn               (no ring)

@: no status effects
A: fangs 1, strong nose, distributed training, agile 1, clarity
a: Renounce Religion, Depart the Abyss, Bend Space


You were on level 4 of the Dungeon.
You worshipped Lugonu.
Lugonu was pleased with you.
You visited 1 branch of the dungeon, and saw 4 of its levels.
You visited the Abyss 1 time.

You collected 172 gold pieces.

Inventory:

Hand Weapons
 a - a +1 hand axe (weapon)
Missiles
 f - 30 poisoned darts (quivered)
Armour
 c - a +0 plate armour (worn)
Jewellery
 j - an amulet of faith
 k - a ring of poison resistance
Scrolls
 b - 3 scrolls of teleportation
 d - a scroll of enchant weapon {unknown}
Potions
 e - 2 potions of brilliance
 h - 2 potions of cancellation {unknown}
 i - a potion of berserk rage


   Skills:
 + Level 6.8 Fighting
 + Level 1.9 Short Blades
 + Level 1.9 Long Blades
 + Level 4.9 Axes
 + Level 1.9 Maces & Flails
 + Level 1.9 Polearms
 + Level 1.9 Staves
 + Level 1.9 Slings
 + Level 1.9 Bows
 + Level 1.9 Crossbows
 + Level 1.9 Throwing
 + Level 4.9 Armour
 + Level 3.2 Dodging
 + Level 1.9 Stealth
 + Level 1.9 Shields
 + Level 1.9 Unarmed Combat
 + Level 1.9 Spellcasting
 + Level 1.5 Conjurations
 + Level 1.5 Hexes
 + Level 1.5 Summonings
 + Level 1.5 Necromancy
 + Level 1.5 Translocations
 + Level 1.5 Transmutations
 + Level 1.5 Fire Magic
 + Level 1.5 Ice Magic
 + Level 1.5 Air Magic
 + Level 1.5 Earth Magic
 + Level 1.5 Poison Magic
 + Level 5.0 Invocations
 + Level 1.9 Evocations


You had 8 spell levels left.
You didn't know any spells.
Your spell library contained the following spells:

 Spells                   Type           Power      Damage    Failure   Level
 Ensorcelled Hibernation  Hex/Ice        6%         N/A       100%        2
 Tukima's Dance           Hex            3%         N/A       100%        3


Dungeon Overview and Level Annotations

Branches:
Dungeon (4/15)             Temple (0/1) D:4

Altars:
Elyvilon
Trog

Shops:
D:1 *


Innate Abilities, Weirdness & Mutations

You have very sharp teeth.
Your uncanny sense of smell can sniff out nearby items.
Your experience applies equally to all skills.
You are agile. (Dex +2)
You possess an exceptional clarity of mind.


Message History

The scorpion stings you but does no damage.
Unknown command.
You hit the scorpion.
The scorpion is heavily wounded.
You feel sick. The scorpion barely misses you.
The scorpion stings you but does no damage.
You hit the scorpion but do no damage.
The scorpion is heavily wounded.
You feel sick.
The scorpion stings you but does no damage.
Unknown command.
You hit the scorpion.
The scorpion is almost dead.
You feel sick.
The scorpion stings you but does no damage.
Unknown command.
You closely miss the scorpion.
The scorpion is almost dead.
You feel sick. The scorpion stings you.
* * * LOW HITPOINT WARNING * * *
Unknown command.
You completely miss the scorpion.
The scorpion is almost dead.
You feel sick.
The scorpion stings you but does no damage. x2
Unknown command.
You hit the scorpion but do no damage.
The scorpion is almost dead.
You feel sick. The scorpion completely misses you.
Unknown command.
You hit the scorpion but do no damage.
The scorpion is almost dead.
You feel sick.
You are no longer poisoned.
The scorpion barely misses you.
Unknown command.
You hit the scorpion but do no damage.
The scorpion is almost dead.
The scorpion stings you.
You die...

.. .## .. #.. .# ..
####.# #
...##....###...
.......s.......
#.#..@.### ###.#).....#
###...))).##.#
##...###.)....# #P.P#
#...#...#
♣#♣#####.#####..[##...#
....#P#...#P.....# #..#
♣.♣.....>....##### ...#
.....P#...#P## #..


You could see a scorpion.

Vanquished Creatures
  An ice beast (D:3)
  A phantom (D:4)
  A howler monkey skeleton (D:4)
  4 adders
  An ufetubus (D:4)
  An adder skeleton (D:4)
  4 orcs
  5 bats
  9 endoplasms
  2 giant cockroaches (D:1)
  A goblin (D:3)
  6 hobgoblins
  4 jackals (D:3)
  5 kobolds
  A quokka (D:1)
  3 ball pythons
  2 frilled lizards (D:3)
  4 rats
55 creatures vanquished.

Vanquished Creatures (others)
  A fungus (D:2)
1 creature vanquished.

Grand Total: 56 creatures vanquished

Notes
Turn   | Place    | Note
-------+----------+-------------------------------------------
     0 | Abyss:1  | Gargoyl the Gnoll Abyssal Knight began the quest for the
                  | Orb.
     0 | Abyss:1  | Reached XP level 1. HP: 23/23 MP: 3/3
    57 | Abyss:3  | Found a corrupted altar of Lugonu.
   153 | Abyss:3  | Noticed a raiju
   154 | D:1      | Escaped the Abyss
   685 | D:1      | Reached XP level 2. HP: 22/29 MP: 5/5
   849 | D:1      | Reached * piety under Lugonu
   896 | D:1      | Found Imajirghy's Assorted Antiques.
  1179 | D:1      | Reached XP level 3. HP: 35/35 MP: 6/6
  1616 | D:2      | Found a white marble altar of Elyvilon.
  1744 | D:2      | Found a faded altar of an unknown god.
  2161 | D:3      | Gained mutation: You are agile. (Dex +2) [potion of
                  | mutation]
  2161 | D:3      | Gained mutation: You possess an exceptional clarity of
                  | mind. [potion of mutation]
  2207 | D:3      | Reached skill level 1 in Short Blades
  2207 | D:3      | Reached skill level 1 in Long Blades
  2207 | D:3      | Reached skill level 1 in Maces & Flails
  2207 | D:3      | Reached skill level 1 in Polearms
  2207 | D:3      | Reached skill level 1 in Staves
  2207 | D:3      | Reached skill level 1 in Slings
  2207 | D:3      | Reached skill level 1 in Bows
  2207 | D:3      | Reached skill level 1 in Crossbows
  2207 | D:3      | Reached skill level 1 in Throwing
  2207 | D:3      | Reached skill level 1 in Stealth
  2207 | D:3      | Reached skill level 1 in Shields
  2207 | D:3      | Reached skill level 1 in Unarmed Combat
  2207 | D:3      | Reached skill level 1 in Spellcasting
  2207 | D:3      | Reached skill level 1 in Evocations
  2217 | D:3      | Found a bloodstained altar of Trog.
  2233 | D:3      | Reached XP level 4. HP: 41/41 MP: 7/7
  2253 | D:3      | Noticed an ice beast
  2306 | D:3      | Killed an ice beast
  2307 | D:3      | Reached skill level 1 in Conjurations
  2307 | D:3      | Reached skill level 1 in Hexes
  2307 | D:3      | Reached skill level 1 in Summonings
  2307 | D:3      | Reached skill level 1 in Necromancy
  2307 | D:3      | Reached skill level 1 in Translocations
  2307 | D:3      | Reached skill level 1 in Transmutations
  2307 | D:3      | Reached skill level 1 in Fire Magic
  2307 | D:3      | Reached skill level 1 in Ice Magic
  2307 | D:3      | Reached skill level 1 in Air Magic
  2307 | D:3      | Reached skill level 1 in Earth Magic
  2307 | D:3      | Reached skill level 1 in Poison Magic
  2307 | D:3      | Reached XP level 5. HP: 12/47 MP: 8/8
  2878 | D:4      | Reached ** piety under Lugonu
  3054 | D:4      | Noticed a phantom
  3073 | D:4      | Killed a phantom
  3074 | D:4      | Reached skill level 5 in Invocations
  3074 | D:4      | Reached XP level 6. HP: 25/53 MP: 9/9
  3430 | D:4      | Found a staircase to the Ecumenical Temple.
  3489 | D:4      | HP: 2/53 [poisoned by a scorpion]
  3490 | D:4      | Slain by a scorpion

Illustrated notes

Levels and vault maps discovered:
D:1:      minmay_arrival_hallway, layout_rooms, serial_shops,
          nicolae_square_shop, minivault_4
D:2:      layout_basic, shapermc_ecumenical_altar_acropolis, basic_altar
D:3:      layout_rooms, amcnicky_altar_gilded
D:4:      layout_rooms, minmay_temple_entry_gardened_gates, serial_forest,
          infiniplex_forest_clump_double, infiniplex_forest_lined_2,
          infiniplex_forest_split, infiniplex_forest_split,
          infiniplex_forest_lined_4_way, infiniplex_forest_lined_3,
          infiniplex_forest_join, infiniplex_forest_end_2

Skill      XL: |  1  2  3  4  5 |
---------------+----------------+-----
Short Blades   | 1 |  1.9
Long Blades    | 1 |  1.9
Maces & Flails | 1 |  1.9
Polearms       | 1 |  1.9
Staves         | 1 |  1.9
Slings         | 1 |  1.9
Bows           | 1 |  1.9
Crossbows      | 1 |  1.9
Throwing       | 1 |  1.9
Stealth        | 1 |  1.9
Shields        | 1 |  1.9
Unarmed Combat | 1 |  1.9
Spellcasting   | 1 |  1.9
Evocations     | 1 |  1.9
Dodging        | 3 |  3.2
Conjurations   | 1 |  1.5
Hexes          | 1 |  1.5
Summonings     | 1 |  1.5
Necromancy     | 1 |  1.5
Translocations | 1 |  1.5
Transmutations | 1 |  1.5
Fire Magic     | 1 |  1.5
Ice Magic      | 1 |  1.5
Air Magic      | 1 |  1.5
Earth Magic    | 1 |  1.5
Poison Magic   | 1 |  1.5
Invocations    | 5 |  5.0
Fighting       | |  6.8
Axes           | |  4.9
Armour         | |  4.9

Action                   |  1- 3 |  4- 6 || total
-------------------------+-------+-------++-------
Melee: Hand axe          |   100 |   103 ||   203
       Bite              |     8 |     8 ||    16
Throw: Dart              |       |     7 ||     7
Invok: Depart the Abyss  |     1 |       ||     1
  Use: Scroll            |     6 |     2 ||     8
       Potion            |     1 |     4 ||     5
Armor: Plate armour      |   107 |   113 ||   220
Dodge: Dodged            |    18 |    44 ||    62

Table legend: (Time is in decaauts)
 A = Elapsed time spent in this place.
 B = Non-inter-level travel time spent in this place.
 C = Inter-level travel time spent in this place.
 D = Time resting spent in this place.
 E = Time spent auto-exploring this place.
 F = Levels seen in this place.
 G = Mean time per level.
                   A        B        C        D        E       F      G
               +--------+--------+--------+--------+--------+-----+--------+
         Total |   3510 |   3475 |     35 |    251 |   2644 |   7 |  501.4 |
       Dungeon |   3356 |   3321 |     35 |    251 |   2548 |   4 |  839.0 |
         Abyss |    153 |    153 |      0 |      0 |     96 |   3 |   51.0 |
               +--------+--------+--------+--------+--------+-----+--------+

Top non-repeatable levels by time:
     D:1: 1192 daAuts
     D:2: 792 daAuts
     D:3: 738 daAuts
     D:4: 633 daAuts
 Abyss:3: 96 daAuts
 Abyss:1: 29 daAuts
 Abyss:2: 27 daAuts
